 Dungeon Crawl Stone Soup version 0.24-a0-779-g36f0aeb843 (webtiles) character file.

Game seed: 17222107369394169893, levelgen mode: deterministic

102 YannR the Firebug (level 4, -3/35 HPs)
             Began as a Demigod Fire Elementalist on Oct 8, 2019.
             Slain by a moth of wrath (21 damage)
             ... on level 2 of the Dungeon.
             The game lasted 00:22:28 (3704 turns).

YannR the Firebug (Demigod Fire Elementalist)       Turns: 3704, Time: 00:22:29

Health: -3/35      AC:  6    Str: 11    XL:     4   Next: 25%
Magic:  10/10      EV: 12    Int: 26    God:
Gold:   33         SH:  0    Dex: 16    Spells: 1/7 levels left

rFire    . . .     SeeInvis .   m - +2 hunting sling (freeze)
rCold    . . .     Gourm    .   (no shield)
rNeg     . . .     Faith    .   h - +0 leather armour
rPois    .         Spirit   .   (no helmet)
rElec    .         Reflect  .   (no cloak)
rCorr    .         Harm     .   (no gloves)
MR       .....                  g - +2 pair of boots
Stlth    ++........             (no amulet)
HPRegen  0.11/turn              (no ring)
MPRegen  0.12/turn              (no ring)

@: brilliant, berserk cooldown, slowed, very slow
A: high mp 1
a: no special abilities


You were on level 2 of the Dungeon.
You were hungry.

You visited 1 branch of the dungeon, and saw 2 of its levels.

You collected 33 gold pieces.

Inventory:

Hand Weapons
 e - a +0 short sword
 m - a +2 hunting sling of freezing (weapon)
Missiles
 f - 110 stones (quivered)
Armour
 a - a +0 robe
 g - a +2 pair of boots (worn)
 h - a +0 leather armour (worn)
Jewellery
 b - an uncursed ring of fire {unknown}
Scrolls
 d - 3 scrolls of identify
 j - a scroll of magic mapping
Comestibles
 c - 3 rations
 k - 12 chunks of flesh


   Skills:
 + Level 1.3 Fighting
 + Level 1.2 Armour
 - Level 1.9 Dodging
 - Level 2.3 Stealth
 + Level 2.3 Spellcasting
 - Level 0.8 Conjurations
 + Level 3.4 Fire Magic


You had one spell level left.
You knew the following spells:

 Your Spells              Type           Power        Failure   Level  Hunger
a - Flame Tongue          Conj/Fire      ####.        1%          1    None
b - Throw Flame           Conj/Fire      ####..       1%          2    ##.....
c - Conjure Flame         Conj/Fire      ####....     1%          3    ###....

Your spell library contained the following spells:

 Spells                   Type           Power        Failure   Level  Hunger
 Inner Flame              Hex/Fire       ####....     2%          3    ###....
 Sticky Flame             Conj/Fire      ####....     6%          4    ####...
 Fireball                 Conj/Fire      ####......   16%         5    ######.


Dungeon Overview and Level Annotations

Branches:
Dungeon (2/15)


Innate Abilities, Weirdness & Mutations

You have an increased reservoir of magic. (+10% MP)


Message History

The rat enters a dispersal trap!
The moth of wrath blinks!
The worm blinks!
The rat blinks!
The jackal blinks! x2; The moth of wrath blinks!
The worm blinks! x3; You blink.
The rat blinks!
The rat closely misses you. The rat bites you but does no damage.
The moth of wrath bites you but does no damage.
Really walk into that dispersal trap?
You enter a dispersal trap!
The jackal blinks!
The moth of wrath blinks!
The worm blinks!
The rat blinks! x2; The worm blinks! x2; The rat blinks!
The jackal blinks!
You blink.
The jackal barely misses you. The rat bites you but does no damage.
The rat looks more energetic.
The jackal looks more energetic.
The rat bites you but does no damage. The rat barely misses you.
The worm barely misses you. The rat closely misses you.
The moth of wrath goads the jackal on!
The jackal goes berserk!
The worm barely misses you.
The worm looks more energetic.
The jackal barely misses you. The moth of wrath barely misses you.
The jackal barely misses you. The rat bites you but does no damage.
The moth of wrath bites you!!
Ouch! That really hurt!
You die...

##......# #........#.##....
....###### ##..####.#.##.###
........<# ##.# #.#.##....
....###### #.## #.#.######
....# ########..###.#.# #####
#............÷..#
#.###.###.###÷######## #.#
#.###.#.......
##############@####.##.#.######
#........##..yhr..####.#(...r..
#...######...rw(...###.#######h
#...# #.......^...##.# #. #...#
#...w###(...##)# #. #...#
###..(##.##...#..# #r #...#
#.#....###....#..#### #. #...#
#.##.........##.....# #.
###...# #.##)).._....##.....#
##


You could see a moth of wrath, 2 worms, a jackal (berserk) and 2 rats.

Vanquished Creatures
  A howler monkey (D:2)
  An ooze (D:1)
  2 worms (D:2)
  A dart slug (D:2)
  3 leopard geckos
  A giant cockroach (D:1)
  10 hobgoblins
  5 jackals (D:2)
  3 kobolds
  A quokka (D:2)
  3 bats (D:2)
  2 frilled lizards (D:2)
  8 goblins
  5 rats
46 creatures vanquished.

Notes
Turn   | Place    | Note
-------+----------+-------------------------------------------
     0 | D:1      | YannR the Demigod Fire Elementalist began the quest for the
                  | Orb.
     0 | D:1      | Reached XP level 1. HP: 14/14 MP: 5/5
  1358 | D:1      | Reached skill level 3 in Fire Magic
  1494 | D:1      | Reached XP level 2. HP: 20/20 MP: 4/7
  1525 | D:1      | Learned a level 2 spell: Throw Flame
  2673 | D:2      | Noticed a howler monkey
  2796 | D:2      | Reached XP level 3. HP: 16/27 MP: 3/8
  3448 | D:2      | Learned a level 3 spell: Conjure Flame
  3519 | D:2      | Reached skill level 1 in Fighting
  3599 | D:2      | Reached skill level 1 in Armour
  3599 | D:2      | Reached XP level 4. HP: 35/35 MP: 8/10
  3657 | D:2      | Noticed a moth of wrath
  3665 | D:2      | Found a bloodstained altar of Trog.
  3704 | D:2      | Slain by a moth of wrath

Levels and vault maps discovered:
D:1:      onia_arrival_mini_maze_b, layout_basic, minivault_14
D:2:      layout_basic, tgw_trog

Skill      XL: |  1  2  3 |
---------------+----------+-----
Stealth        | 2 |  2.3
Fire Magic     | 3 |  3.4
Spellcasting   | 2 |  2.3
Fighting       | 1 |  1.3
Armour         | 1 |  1.2
Dodging        | |  1.9
Conjurations   | |  0.8

Action                   |  1- 3 |  4- 6 || total
-------------------------+-------+-------++-------
Melee: Short sword       |     2 |       ||     2
 Fire: Hunting sling     |    42 |    13 ||    55
 Cast: Flame Tongue      |    38 |       ||    38
       Throw Flame       |    24 |       ||    24
  Use: Potion            |       |     3 ||     3
       Scroll            |       |     2 ||     2
  Eat: Chunk             |    10 |       ||    10
Armor: Leather armour    |    10 |    22 ||    32
Dodge: Dodged            |    24 |    48 ||    72

Table legend:
 A = Non-vault XP
 B = Vault XP
 C = Vault XP percentage of total XP
 D = Non-vault monster count
 E = Vault monster count
 F = Vault count percentage of total count
                 A         B        C        D         E       F
            +---------+---------+-------+---------+---------+-------
      Total |     145 |       1 |   0.7 |      45 |       1 |   2.2
            +---------+---------+-------+---------+---------+-------
        D:1 |      41 |       0 |   0.0 |      20 |       0 |   0.0
        D:2 |     104 |       1 |   1.0 |      25 |       1 |   3.8
            +---------+---------+-------+---------+---------+-------
